 Dungeon Crawl Stone Soup version 0.17-a0-1850-g688e747 (webtiles) character file.

434 derrpe the Slasher (level 7, -16/58 HPs)
             Began as a Hill Orc Fighter on Sept 18, 2015.
             Was an Initiate of Okawaru.
             Demolished by a shadow (30 damage)
             ... created by the darkness of Dithmenos
             ... on level 5 of the Dungeon.
             The game lasted 00:06:36 (4487 turns).

derrpe the Slasher (Hill Orc Fighter)               Turns: 4487, Time: 00:06:36

Health: -16/58     AC: 12    Str: 21    XL:     7   Next: 0%
Magic:  7/7        EV:  3    Int:  8    God:    Okawaru [......]
Gold:   230        SH:  9    Dex: 10    Spells: 0 memorised, 6 levels left

rFire  . . .     SeeInvis .     a - +0 long sword
rCold  . . .     Clarity  .     w - +0 plate armour
rNeg   + . .     SustAt   .     c - +0 shield
rPois  .         Gourm    .     (no helmet)
rElec  .         Spirit   .     p - +0 cloak
rCorr  .         Warding  +     (no gloves)
rMut   .         Stasis   .     (no boots)
MR     .....                    i - amulet of warding
Stlth  ..........               (no ring)
                                (no ring)

@: not resistant to hostile enchantments, extremely unstealthy
A: no striking features
a: Renounce Religion


You were on level 5 of the Dungeon.
You worshipped Okawaru.
Okawaru was noncommittal.
You were not hungry.

You visited 1 branch of the dungeon, and saw 5 of its levels.

You collected 230 gold pieces.

Inventory:

Hand weapons
 a - a +0 long sword (weapon)
Missiles
 b - 16 bolts
Armour
 c - a +0 shield (worn)
 p - a +0 cloak (worn)
 w - a +0 plate armour (worn)
Jewellery
 i - an amulet of warding (around neck)
 m - an uncursed amulet of resist mutation
 q - an uncursed amulet of guardian spirit
Magical devices
 s - a wand of paralysis (15)
Scrolls
 h - 3 scrolls of remove curse
 k - 4 scrolls of identify
 u - 3 scrolls of magic mapping {unknown}
 v - a scroll of enchant weapon {unknown}
 y - a scroll of fog {unknown}
 z - 2 scrolls of amnesia {unknown}
Potions
 d - a potion of might
 f - a potion of brilliance {unknown}
 g - a potion of curing
 j - 2 potions of heal wounds
 t - a potion of lignification {unknown}
 x - a potion of poison {unknown}
Comestibles
 e - 4 bread rations
 l - 3 beef jerkies
 n - 2 meat rations


   Skills:
 - Level 3.7 Fighting
 + Level 7.8 Long Blades
 - Level 3.4 Armour
 - Level 3.4 Shields


You had 6 spell levels left.
You didn't know any spells.

Dungeon Overview and Level Annotations

Branches:
Dungeon (5/15)
 Temple: D:4-7

Altars:
Dithmenos
Gozag
Okawaru

Shops:
D:3 *


Message History

The shadow slips into darkness.
The shadow flickers and vanishes!
The shadow strikes at you from the darkness!
Reactivating autopickup.
You hit the shadow.
The shadow is lightly damaged.
You block the shadow's attack.
You closely miss the shadow.
The shadow is lightly damaged.
The shadow hits you!
* * * LOW HITPOINT WARNING * * *
You barely miss the shadow.
The shadow is lightly damaged.
The shadow slips into darkness.
The shadow flickers and vanishes!
Deactivating autopickup; reactivate with Ctrl-A.
Your shield and plate armour prevent you from hitting something.
The shadow strikes at you from the darkness!
Ouch! That really hurt!
You die...

######### #........
#@#######+#######
#{#≈≈≈≈≈≈.≈≈≈≈≈≈#
#.#≈...........≈#
#.#≈...........≈#
#.#≈...........≈#
#.#≈....(......≈#
####.#≈...........≈##
#....'W.....8......'.
#....#≈...........≈#.


There were no monsters in sight!

Vanquished Creatures
  A water moccasin (D:5)
  A centaur (D:5)
  A hound (D:4)
  4 worker ants (D:4)
  5 adders
  An ooze (D:1)
  An adder skeleton (D:4)
  2 worms (D:4)
  10 orcs
  5 giant cockroaches
  7 hobgoblins
  4 jackals (D:2)
  6 kobolds
  3 quokkas
  2 bats
  4 giant geckos
  3 giant newts
  3 goblins
  9 rats
72 creatures vanquished.

Notes
Turn   | Place    | Note
--------------------------------------------------------------
     0 | D:1      | derrpe the Hill Orc Fighter began the quest for the Orb.
     0 | D:1      | Reached XP level 1. HP: 19/19 MP: 1/1
   685 | D:1      | Reached XP level 2. HP: 27/27 MP: 2/2
  1148 | D:2      | Reached XP level 3. HP: 28/33 MP: 3/3
  1696 | D:2      | Found a faded altar to an unknown god.
  1704 | D:2      | Became a worshipper of Dithmenos the Shadowed
  1956 | D:2      | Reached skill level 4 in Long Blades
  1971 | D:2      | Fell from the grace of Dithmenos
  2127 | D:3      | Reached XP level 4. HP: 40/40 MP: 4/4
  2394 | D:3      | Found Gozag's Platinum Reserve.
  2395 | D:3      | Found an opulent altar of Gozag.
  2728 | D:3      | Reached skill level 5 in Long Blades
  3122 | D:4      | Reached XP level 5. HP: 35/46 MP: 5/5
  3256 | D:4      | Reached skill level 6 in Long Blades
  3549 | D:4      | Reached XP level 6. HP: 41/52 MP: 1/6
  3571 | D:4      | Found an iron altar of Okawaru.
  3656 | D:4      | Became a worshipper of Warmaster Okawaru
  4103 | D:5      | Entered Level 5 of the Dungeon
  4119 | D:5      | Noticed a shadow
  4119 | D:5      | Noticed a shadow
  4119 | D:5      | Noticed a shadow demon
  4128 | D:5      | Noticed a water moccasin
  4154 | D:5      | Killed a water moccasin
  4154 | D:5      | Reached skill level 7 in Long Blades
  4167 | D:5      | HP: 1/52 [centaur/arrow of dispersal (10)]
  4177 | D:5      | Reached XP level 7. HP: 18/58 MP: 1/7
  4487 | D:5      | Demolished by a shadow

Vault maps used:
D:1:      erik_arrival_cave_to_civilisation
D:2:      ecumenical_altar_2
D:3:      kennysheep_pointless_box, nicolae_gozag_zags_fifth_avenue
D:4:      okawaru_ov_weapons_minmay
D:5:      lemuel_crystal_altar, minmay_temple_entry_grid, first_bread,
          serial_shops, kennysheep_mini_moat, kennysheep_generic_room_16,
          uniq_eustachio

Action                   |  1- 3 |  4- 6 |  7- 9 || total
-------------------------+-------+-------+-------++-------
Melee: Long sword        |   152 |   177 |    22 ||   351
Invok: Renounce Religion |     1 |       |       ||     1
  Use: Scroll            |       |     3 |       ||     3
       Potion            |       |     3 |       ||     3
  Eat: Chunk             |     4 |     6 |     2 ||    12
